 Dungeon Crawl Stone Soup version 0.30-a0-172-gc5509c9e31 (webtiles) character file.

Game seed: 8412075844983368909

7014 qw the Cleaver (level 11, 0/71 HPs)
             Began as a Gargoyle Fighter on Oct 1, 2022.
             Was a Believer of Okawaru.
             Slain by Snorg (4 damage)
             ... on level 9 of the Dungeon.
             The game lasted 00:03:59 (8932 turns).

qw the Cleaver (Gargoyle Fighter)                   Turns: 8932, Time: 00:04:00

Health: 0/71       AC: 29    Str: 24    XL:     11   Next: 8%
Magic:  14/14      EV:  9    Int:  9    God:    Okawaru [**....]
Gold:   518        SH:  6    Dex:  9    Spells: 10/10 levels left

rFire   . . .      SeeInvis +    p - +6 war axe "Notz" {holy, SInv}
rCold   . . .      Faith    .    c - +0 buckler
rNeg    + . .      Spirit   .    m - +0 plate armour
rPois   inf        Reflect  .    a - +1 helmet
rElec   +          Harm     .    g - +0 cloak
rCorr   .          Rampage  .    (no gloves)
Will    .....                    r - +0 pair of boots
Stlth   ..........               (no amulet)
HPRegen 0.31/turn                (no ring)
MPRegen 0.14/turn                (no ring)

@: about to teleport, heroic
A: sickness immunity, AC +8, negative energy resistance 1, electricity
resistance, torment resistance 1, petrification resistance
a: Renounce Religion, Heroism


You were on level 9 of the Dungeon.
You worshipped Okawaru.
Okawaru was pleased with you.
You visited 2 branches of the dungeon, and saw 11 of its levels.
You also visited: Ossuary.

You collected 518 gold pieces.


Innate Abilities, Weirdness & Mutations

You are immune to sickness and miasma.
Your stone body is resilient. (AC +8)
You are immune to poison.
You resist negative energy. (rN+)
You are resistant to electric shocks. (rElec)
You are resistant to unholy torment.
You are immune to petrification.


   Skills:
 - Level 9.1(14.1) Fighting
 + Level 11.1(16.1) Axes
 - Level 1.2(6.2) Throwing
 - Level 8.1(13.1) Armour
 - Level 1.0(6.0) Dodging
 - Level 5.0(10.0) Shields
 - Level 4.1 Invocations


You had 10 spell levels left.
You didn't know any spells.
Your spell library was empty.

Inventory:

Hand Weapons
 p - the +6 war axe "Notz" (weapon) {holy, SInv}
   (You found it on level 7 of the Dungeon)

   It has been blessed by the Shining One to cause great damage to the undead
   and demons.
   SInv:      It lets you see invisible.
 q - a +0 morningstar
Missiles
 f - 6 boomerangs (quivered)
Armour
 a - a +1 helmet (worn)
 c - a +0 buckler (worn)
 g - a +0 cloak (worn)
 m - a +0 plate armour (worn)
 r - a +0 pair of boots (worn)
Jewellery
 e - a ring of fire
Wands
 b - a wand of digging (6)
Scrolls
 h - a scroll of teleportation
 k - 2 scrolls of identify
 s - a scroll of enchant weapon
Potions
 d - a potion of might
 i - a potion of curing
 j - 2 potions of attraction
 l - a potion of haste
 n - 3 potions of cancellation
 o - 4 potions of mutation

Dungeon Overview and Level Annotations

Branches:
Dungeon (10/15)            Temple (1/1) D:4         Ossuary (visited)
   Lair: D:8-11         Orc: D:9-12

Altars:
Ashenzari
Cheibriados
Dithmenos
Elyvilon
Fedhas
Gozag
Hepliaklqana
Kikubaaqudgha
Makhleb
Nemelex Xobeh
Okawaru
Qazlal
Ru
Sif Muna
Trog
Uskayaw
Vehumet
Wu Jian
Xom
Yredelemnul
Zin
The Shining One

Annotations:
D:6 1 transporter, 3 runed translucent doors, qw's ghost, novice GrFi
D:9 Snorg


Message History

You block Snorg's attack. Snorg closely misses you.
Snorg claws you but does no damage.
You slash Snorg!
Snorg is severely wounded.
Snorg bites you but does no damage. Snorg claws you.
Snorg claws you but does no damage.
You slash Snorg!
Snorg is severely wounded.
Snorg goes berserk!
You slash Snorg!
Snorg is severely wounded.
Snorg bites you! Snorg barely misses you. Snorg claws you but does no damage.
You closely miss Snorg.
Snorg is severely wounded.
Snorg bites you. Snorg claws you. Snorg barely misses you.
You hit Snorg.
Snorg is severely wounded.
You block Snorg's attack. Snorg completely misses you.
Snorg claws you but does no damage.
You slice Snorg!!
Snorg is almost dead.
Snorg barely misses you. You block Snorg's attack. x2
You hit Snorg.
Snorg is almost dead.
Snorg bites you. Snorg barely misses you. Snorg claws you but does no damage.
You closely miss Snorg.
Snorg is almost dead.
Snorg bites you! Snorg claws you! Snorg claws you but does no damage.
8930 ||| READING 2 scrolls of teleportation.
As you read the scroll of teleportation, it crumbles to dust.
You feel strangely unstable. Snorg bites you but does no damage.
Snorg claws you but does no damage. x2
Snorg bites you. Snorg claws you but does no damage. Snorg barely misses you.
You hit Snorg.
Snorg is almost dead.
Snorg bites you. Snorg misses you. You block Snorg's attack.
You barely miss Snorg.
Snorg is almost dead.
Snorg bites you.
You die...

##.'##'.#._.#.'##+..#
#.#..#.#...#.#..#..#
#.#..#.+...'.#..#..#
#.+..+###'###'..+..#
###..#.......#..#..#
#..#.......#..#..#
###'###+###'###..#
#...........##...#
####............@T..#
....................#
....................#
....................#
...............##...#
...............##...#
...............##...#
...............##...#
...............##...#


You could see Snorg (berserk).

Vanquished Creatures
  2 two-headed ogres (D:9)
  A troll (D:9)
  3 hornets
  Sigmund (D:5)
  2 wyverns
  A wraith (D:8)
  A steam dragon (D:9)
  2 water moccasins
  An acid dragon (D:9)
  2 orc warriors
  3 sky beasts
  An ice beast (D:6)
  2 black bears
  3 centaurs
  2 phantoms
  2 kobold brigands
  4 bullfrogs
  Blork the orc (D:5)
  A gnoll sergeant (D:6)
  4 necrophages
  9 scorpions
  5 wights (D:8)
  2 howler monkeys
  2 electric eels (D:6)
  4 centaur zombies (Ossuary)
  3 jellies
  4 hounds
  2 human zombies (Ossuary)
  4 orc priests
  A gnoll bouda (D:7)
  Jessica (D:2)
  4 iguanas
  Ijyb (D:5)
  An orc wizard (D:6)
  6 scorpion zombies (Ossuary)
  3 mummies (Ossuary)
  Robin (D:2)
  4 gnolls (D:6)
  7 adders
  2 white imps
  An ufetubus (D:6)
  A dart slug (D:1)
  28 orcs
  6 ball pythons
  4 bats
  6 endoplasms
  7 hobgoblins
  3 quokkas
  A frilled lizard (D:2)
  15 goblins
  5 goblin zombies (Ossuary)
  2 hobgoblin zombies (Ossuary)
  11 kobolds
  4 kobold zombies (Ossuary)
  An orc zombie (Ossuary)
  8 rats
208 creatures vanquished.

Vanquished Creatures (others)
  An orc wizard (D:6)
  3 orcs (D:6)
  34 plants (D:6)
38 creatures vanquished.

Grand Total: 246 creatures vanquished

Notes
Turn   | Place    | Note
-------+----------+-------------------------------------------
     0 | D:1      | qw the Gargoyle Fighter began the quest for the Orb.
     0 | D:1      | Reached XP level 1. HP: 14/14 MP: 1/1
     0 | D:1      | 0 ||| qw: Version: 0.2-a-13-gfc7b4b4
     0 | D:1      | 0 ||| qw: Game counter: 1772
     0 | D:1      | 0 ||| qw: Always use a shield: true
     0 | D:1      | 0 ||| qw: God list: Okawaru
     0 | D:1      | 0 ||| qw: Allow faded altars: false
     0 | D:1      | 0 ||| qw: Do Orc after D:15 true
     0 | D:1      | 0 ||| qw: Do second Lair branch before Depths: true
     0 | D:1      | 0 ||| qw: Lair rune preference: random
     0 | D:1      | 0 ||| qw: Plans: Normal, Zot:1-4, God:TSO, Crypt, Tomb,
                  | Pan, Slime:5, Hells, Abyss, Orb
     0 | D:1      | 0 ||| PLANNING D:1-11
    96 | D:1      | Reached skill level 2 in Axes
   274 | D:1      | Reached XP level 2. HP: 19/19 MP: 2/2
   864 | D:1      | 864 ||| UPGRADING to +0 cloak.
   869 | D:1      | 869 ||| DROPPING amulet of faith.
   870 | D:1      | 870 ||| DROPPING +6 ring of intelligence.
   871 | D:1      | 871 ||| READING scroll labelled PAVIYSSI ORIONI.
   872 | D:1      | 872 ||| READING scroll labelled TYWKUSCH EGOEPP.
   873 | D:1      | 873 ||| READING scroll labelled QULAID WULYU.
   919 | D:2      | 919 ||| Stepping ~*~*~tactically~*~*~ (stealth).
   924 | D:2      | Noticed Robin
   932 | D:2      | Reached skill level 3 in Axes
   934 | D:2      | Killed Robin
   935 | D:2      | Reached XP level 3. HP: 22/23 MP: 3/3
   975 | D:2      | Noticed Jessica
   977 | D:2      | Killed Jessica
   978 | D:2      | Reached XP level 4. HP: 28/28 MP: 4/4
  1005 | D:2      | Found a faded altar of an unknown god.
  1014 | D:2      | Reached skill level 4 in Axes
  1456 | D:2      | 1456 ||| UPGRADING to +0 helmet.
  1461 | D:2      | 1461 ||| UPGRADING to +0 plate armour.
  1471 | D:2      | 1471 ||| DROPPING +0 scale mail.
  1472 | D:2      | 1472 ||| READING scroll labelled VOUDER VEIRGH.
  1473 | D:2      | 1473 ||| READING scroll labelled KIUPTE OGAXEAC.
  1474 | D:2      | 1474 ||| READING 2 scrolls labelled WUCRUSHRUASAH.
  1475 | D:2      | 1475 ||| READING scroll labelled TEOQOS LEYVVE.
  1476 | D:2      | 1476 ||| READING 2 scrolls labelled GALIXZO NUTE.
  1477 | D:2      | 1477 ||| DRINKING 2 blue potions.
  1478 | D:2      | 1478 ||| DROPPING potion of flight.
  1479 | D:2      | 1479 ||| DROPPING scroll of butterflies.
  1531 | D:3      | You are sucked into a shaft and drop 1 floor!
  1532 | D:4      | 1532 ||| PLANNING OSSUARY
  1552 | D:4      | Reached XP level 5. HP: 32/32 MP: 5/5
  1708 | D:4      | Reached skill level 5 in Axes
  1796 | D:4      | Noticed a black bear
  1802 | D:4      | Killed a black bear
  1803 | D:4      | Reached XP level 6. HP: 33/39 MP: 6/6
  1830 | D:4      | 1830 ||| Stepping ~*~*~tactically~*~*~ (stealth).
  1832 | D:4      | 1832 ||| Stepping ~*~*~tactically~*~*~ (stealth).
  1880 | D:4      | 1880 ||| Stepping ~*~*~tactically~*~*~ (hiding).
  1983 | D:4      | Found a sand-covered staircase.
  1984 | D:4      | 1984 ||| DROPPING ring of magical power.
  1985 | D:4      | 1985 ||| READING scroll labelled JEC QOCKUJY.
  1990 | Ossuary  | Entered an ossuary
  2068 | Ossuary  | Reached skill level 6 in Axes
  2072 | Ossuary  | Reached XP level 7. HP: 41/44 MP: 7/7
  2099 | Ossuary  | 2099 ||| Stepping ~*~*~tactically~*~*~ (stealth).
  2212 | Ossuary  | Reached skill level 7 in Axes
  2226 | Ossuary  | Reached XP level 8. HP: 49/49 MP: 8/8
  2252 | Ossuary  | Reached skill level 1 in Dodging
  2414 | Ossuary  | 2414 ||| READING scroll of enchant armour.
  2414 | Ossuary  | 2414 ||| ENCHANTING +0 helmet.
  2485 | Ossuary  | 2485 ||| READING 2 scrolls labelled NACOM IRUIKH.
  2486 | Ossuary  | 2486 ||| DRINKING 3 murky clear potions.
  2487 | Ossuary  | 2487 ||| DRINKING 2 bubbling black potions.
  2488 | Ossuary  | 2488 ||| DRINKING 2 grey potions.
  2489 | Ossuary  | 2489 ||| DROPPING scroll of poison.
  2490 | Ossuary  | 2490 ||| DROPPING potion of degeneration.
  2491 | Ossuary  | 2491 ||| READING 3 scrolls of teleportation.
  2539 | D:4      | 2539 ||| PLANNING D:1-11
  2984 | D:3      | 2984 ||| Stepping ~*~*~tactically~*~*~ (hiding).
  3497 | D:3      | 3497 ||| DRINKING 2 red potions.
  3498 | D:3      | 3498 ||| DRINKING 2 glowing golden potions.
  3499 | D:3      | 3499 ||| DRINKING 3 glowing puce potions.
  3500 | D:3      | 3500 ||| READING 3 scrolls of identify.
  3500 | D:3      | 3500 ||| IDENTIFYING clear potion
  3501 | D:3      | 3501 ||| READING 2 scrolls of identify.
  3501 | D:3      | 3501 ||| IDENTIFYING emerald potion
  3502 | D:3      | 3502 ||| DROPPING potion of brilliance.
  3503 | D:3      | 3503 ||| DROPPING potion of magic.
  3644 | D:4      | Found a staircase to the Ecumenical Temple.
  3645 | D:4      | 3645 ||| PLANNING TEMPLE
  3645 | D:4      | 3645 ||| READING scroll labelled VOJAAJ IK RUPP.
  3650 | Temple   | Entered the Ecumenical Temple
  3743 | Temple   | 3743 ||| PLANNING D:1-11
  3971 | D:5      | Entered Level 5 of the Dungeon
  3971 | D:5      | Noticed Ijyb
  3979 | D:5      | Killed Ijyb
  3980 | D:5      | Reached skill level 1 in Throwing
  4071 | D:5      | 4071 ||| Stepping ~*~*~tactically~*~*~ (stealth).
  4110 | D:5      | Noticed Blork the orc
  4111 | D:5      | 4111 ||| Stepping ~*~*~tactically~*~*~ (hiding).
  4122 | D:5      | Killed Blork the orc
  4123 | D:5      | Reached skill level 8 in Axes
  4159 | D:5      | 4159 ||| Stepping ~*~*~tactically~*~*~ (stealth).
  4216 | D:5      | Reached skill level 6 in Fighting
  4263 | D:5      | Found an opulent altar of Gozag.
  4263 | D:5      | Found a burning altar of Makhleb.
  4271 | D:5      | Found a bloodstained altar of Trog.
  4273 | D:5      | Found a hide-covered altar of Uskayaw.
  4275 | D:5      | Found a glowing silver altar of Zin.
  4296 | D:5      | 4296 ||| Stepping ~*~*~tactically~*~*~ (hiding).
  4405 | D:5      | Noticed Sigmund
  4406 | D:5      | 4406 ||| Stepping ~*~*~tactically~*~*~ (hiding).
  4407 | D:5      | 4407 ||| Stepping ~*~*~tactically~*~*~ (hiding).
  4408 | D:5      | 4408 ||| Stepping ~*~*~tactically~*~*~ (hiding).
  4417 | D:5      | Killed Sigmund
  4418 | D:5      | Reached XP level 9. HP: 55/56 MP: 9/9
  4442 | D:5      | 4442 ||| Stepping ~*~*~tactically~*~*~ (hiding).
  4818 | D:5      | 4818 ||| READING scroll labelled VOTWYI WOUCH.
  4976 | D:6      | Found an ancient bone altar of Kikubaaqudgha.
  4993 | D:6      | 4993 ||| Stepping ~*~*~tactically~*~*~ (hiding).
  4999 | D:6      | 4999 ||| FLEEEEING.
  5000 | D:6      | 5000 ||| FLEEEEING.
  5001 | D:6      | 5001 ||| FLEEEEING.
  5002 | D:6      | 5002 ||| FLEEEEING.
  5003 | D:6      | 5003 ||| FLEEEEING.
  5004 | D:6      | 5004 ||| FLEEEEING.
  5005 | D:6      | 5005 ||| FLEEEEING.
  5006 | D:6      | 5006 ||| FLEEEEING.
  5007 | D:6      | 5007 ||| FLEEEEING.
  5008 | D:6      | 5008 ||| FLEEEEING.
  5010 | D:6      | 5010 ||| FLEEEEING.
  5011 | D:6      | 5011 ||| FLEEEEING.
  5012 | D:6      | 5012 ||| FLEEEEING.
  5013 | D:6      | 5013 ||| STAIRDANCE
  5041 | D:6      | 5041 ||| STAIRDANCE
  5074 | D:6      | 5074 ||| Stepping ~*~*~tactically~*~*~ (stealth).
  5076 | D:6      | 5076 ||| Stepping ~*~*~tactically~*~*~ (hiding).
  5309 | D:6      | Reached skill level 9 in Axes
  5387 | D:6      | 5387 ||| Stepping ~*~*~tactically~*~*~ (stealth).
  5388 | D:6      | 5388 ||| Stepping ~*~*~tactically~*~*~ (stealth).
  5498 | D:6      | Identified the +8 rapier "Taso" {distort, rElec rF- MP+9
                  | Stlth+}
  5503 | D:6      | Found a sparkling altar of Nemelex Xobeh.
  5503 | D:6      | Found a transporter.
  5503 | D:6      | Noticed a red ugly thing
  5578 | D:6      | Reached skill level 6 in Armour
  5630 | D:6      | 5630 ||| DRINKING 2 potions of curing.
  5630 | D:6      | 5630 ||| (to cure confusion)
  5643 | D:6      | HP: 14/57 [electric eel/bolt of electricity (3)]
  5644 | D:6      | 5644 ||| READING 2 scrolls of teleportation.
  5645 | D:6      | 5645 ||| DRINKING potion of heal wounds.
  5828 | D:6      | 5828 ||| Stepping ~*~*~tactically~*~*~ (stealth).
  5842 | D:6      | Found a runed translucent gate.
  5843 | D:6      | Found a runed translucent gate.
  5844 | D:6      | Found a runed translucent gate.
  5844 | D:6      | Noticed qw's ghost (novice GrFi)
  5845 | D:6      | Noticed qw's ghost (novice GrFi)
  5845 | D:6      | Noticed qw's ghost (novice GrFi)
  6049 | D:6      | 6049 ||| READING scroll labelled QAUBBI BALUXT.
  6050 | D:6      | 6050 ||| READING 3 scrolls of identify.
  6050 | D:6      | 6050 ||| IDENTIFYING metallic cyan potion
  6051 | D:6      | 6051 ||| DROPPING potion of invisibility.
  6077 | D:7      | 6077 ||| STAIRDANCE
  6107 | D:7      | 6107 ||| STAIRDANCE
  6139 | D:7      | 6139 ||| STAIRDANCE
  6154 | D:7      | Reached skill level 10 in Axes
  6191 | D:7      | 6191 ||| FLEEEEING.
  6259 | D:7      | Reached XP level 10. HP: 58/64 MP: 10/10
  6316 | D:7      | Identified the +6 war axe "Notz" {holy, SInv}
  6318 | D:7      | 6318 ||| SWAPPING to +6 war axe "Notz" {holy, SInv}.
  6319 | D:7      | 6319 ||| DROPPING +0 war axe.
  6373 | D:7      | 6373 ||| Stepping ~*~*~tactically~*~*~ (stealth).
  6376 | D:7      | 6376 ||| Stepping ~*~*~tactically~*~*~ (stealth).
  6377 | D:7      | 6377 ||| Stepping ~*~*~tactically~*~*~ (stealth).
  6419 | D:7      | 6419 ||| DROPPING +0 flail.
  6502 | D:7      | 6502 ||| Stepping ~*~*~tactically~*~*~ (hiding).
  6549 | D:7      | 6549 ||| Stepping ~*~*~tactically~*~*~ (stealth).
  6937 | D:7      | 6937 ||| READING scroll labelled TAAKAFIOFU.
  6938 | D:7      | 6938 ||| READING 2 scrolls of identify.
  6938 | D:7      | 6938 ||| IDENTIFYING green potion
  7066 | D:8      | 7066 ||| Stepping ~*~*~tactically~*~*~ (hiding).
  7068 | D:8      | 7068 ||| Stepping ~*~*~tactically~*~*~ (hiding).
  7069 | D:8      | 7069 ||| Stepping ~*~*~tactically~*~*~ (hiding).
  7071 | D:8      | 7071 ||| Stepping ~*~*~tactically~*~*~ (hiding).
  7108 | D:8      | 7108 ||| Stepping ~*~*~tactically~*~*~ (stealth).
  7275 | D:8      | Identified the +1 robe "Foixteffuo" {rF++ rC- Int-5 Dex+10}
  7402 | D:8      | Identified the +7 sling of Perversion {freeze, Dex+3}
  7514 | D:8      | Found an iron altar of Okawaru.
  7515 | D:8      | 7515 ||| PLANNING OKAWARU WORSHIP
  7522 | D:8      | Became a worshipper of Warmaster Okawaru
  7523 | D:8      | 7523 ||| PLANNING D:1-11
  7869 | D:8      | 7869 ||| Stepping ~*~*~tactically~*~*~ (stealth).
  7883 | D:8      | Reached skill level 11 in Axes
  7926 | D:8      | Found a radiant altar of Vehumet.
  7983 | D:8      | 7983 ||| UPGRADING to +0 pair of boots.
  8012 | D:9      | Noticed a two-headed ogre
  8023 | D:9      | Killed a two-headed ogre
  8023 | D:9      | Reached * piety under Okawaru
  8095 | D:9      | Reached skill level 1 in Invocations
  8158 | D:9      | Found a shimmering blue altar of Sif Muna.
  8182 | D:9      | Found a broken altar of Ashenzari.
  8203 | D:9      | Found a sacrificial altar of Ru.
  8279 | D:9      | Noticed a two-headed ogre
  8281 | D:9      | 8281 ||| INVOKING Heroism.
  8289 | D:9      | Killed a two-headed ogre
  8290 | D:9      | Reached skill level 3 in Invocations
  8294 | D:9      | Reached XP level 11. HP: 58/69 MP: 10/13
  8363 | D:9      | 8363 ||| INVOKING Heroism.
  8371 | D:9      | Reached ** piety under Okawaru
  8372 | D:9      | Reached skill level 9 in Fighting
  8428 | D:9      | 8428 ||| INVOKING Heroism.
  8437 | D:9      | 8437 ||| FLEEEEING.
  8438 | D:9      | 8438 ||| FLEEEEING.
  8441 | D:9      | 8441 ||| FLEEEEING.
  8442 | D:9      | 8442 ||| FLEEEEING.
  8447 | D:9      | 8447 ||| FLEEEEING.
  8450 | D:9      | 8450 ||| FLEEEEING.
  8451 | D:9      | 8451 ||| FLEEEEING.
  8452 | D:9      | 8452 ||| FLEEEEING.
  8453 | D:9      | 8453 ||| FLEEEEING.
  8454 | D:9      | 8454 ||| FLEEEEING.
  8457 | D:9      | 8457 ||| FLEEEEING.
  8458 | D:9      | 8458 ||| FLEEEEING.
  8459 | D:9      | 8459 ||| FLEEEEING.
  8460 | D:9      | 8460 ||| FLEEEEING.
  8461 | D:9      | 8461 ||| FLEEEEING.
  8462 | D:9      | 8462 ||| FLEEEEING.
  8463 | D:9      | 8463 ||| FLEEEEING.
  8464 | D:9      | 8464 ||| FLEEEEING.
  8465 | D:9      | 8465 ||| FLEEEEING.
  8466 | D:9      | 8466 ||| FLEEEEING.
  8467 | D:9      | 8467 ||| FLEEEEING.
  8472 | D:9      | 8472 ||| FLEEEEING.
  8473 | D:9      | 8473 ||| FLEEEEING.
  8474 | D:9      | 8474 ||| FLEEEEING.
  8475 | D:9      | 8475 ||| FLEEEEING.
  8476 | D:9      | 8476 ||| FLEEEEING.
  8477 | D:9      | 8477 ||| FLEEEEING.
  8478 | D:9      | 8478 ||| FLEEEEING.
  8479 | D:9      | 8479 ||| FLEEEEING.
  8480 | D:9      | 8480 ||| FLEEEEING.
  8481 | D:9      | 8481 ||| FLEEEEING.
  8482 | D:9      | 8482 ||| FLEEEEING.
  8483 | D:9      | 8483 ||| FLEEEEING.
  8484 | D:9      | 8484 ||| FLEEEEING.
  8485 | D:9      | 8485 ||| FLEEEEING.
  8486 | D:9      | 8486 ||| FLEEEEING.
  8487 | D:9      | 8487 ||| FLEEEEING.
  8488 | D:9      | 8488 ||| FLEEEEING.
  8489 | D:9      | 8489 ||| FLEEEEING.
  8490 | D:9      | 8490 ||| STAIRDANCE
  8584 | D:8      | 8584 ||| READING scroll labelled OVAWEF IGGOMU.
  8672 | D:9      | Found a glowing golden altar of the Shining One.
  8912 | D:10     | Entered Level 10 of the Dungeon
  8912 | D:10     | Noticed Snorg
  8913 | D:10     | 8913 ||| INVOKING Heroism.
  8914 | D:10     | 8914 ||| STAIRDANCE
  8929 | D:9      | HP: 15/71 [Snorg (9)]
  8930 | D:9      | 8930 ||| READING 2 scrolls of teleportation.
  8931 | D:9      | HP: 4/71 [Snorg (6)]
  8932 | D:9      | Slain by Snorg

Levels and vault maps discovered:
D:1:      dpeg_arrival_rooms_b, layout_basic
D:2:      layout_basic, nicolae_ecumenical_snake_handling, serial_glass,
          glass_columns_a, glass_columns_b, glass_columns_a, glass_columns_a,
          glass_columns_a, glass_columns_c, uniq_jessica, uniq_robin
D:3:      layout_basic
D:4:      layout_basic, temple_doors_cd, enter_ossuary_2
D:5:      layout_loops_ring, chequers_temple_overflow_minitemple, uniq_sigmund,
          uniq_blork_the_orc, uniq_ijyb
D:6:      layout_basic, grunt_nemelex_the_gamble,
          nicolae_overflow_hidden_temple, serial_bayou, serial_bayou_crossing,
          serial_bayou_lake_a, serial_bayou_lagoon_a, serial_bayou_pond_d,
          gammafunk_ghost_cemetery, minmay_circle_x
D:7:      layout_basic, minmay_increasing_density
D:8:      layout_cave_pools, mainiacjoe_overflow_paths, marbit_many_paths
D:9:      layout_small_grid, nicolae_tso_carved_into_rock, kennysheep_mini,
          mainiacjoe_overflow_24_doors, lemuel_crystal_altar
D:10:     minmay_roctagon, layout_long_grid, hiddenorc2_lemuel,
          due_unseen_surprise, uniq_snorg
Temple:   kb_temple_of_zot

Skill      XL: |  1  2  3  4  5  6  7  8  9 10 11 |
---------------+----------------------------------+-----
Axes           | 2 3 4 5 6 7 8 10 11 | 11.1
Fighting       | 4 5 6 7 8 9 |  9.1
Armour         | 4 5 6 8 |  8.1
Dodging        | 1 |  1.0
Throwing       | 1 |  1.2
Shields        | 4 5 |  5.0
Invocations    | 3 4 |  4.1

Action                   |  1- 3 |  4- 6 |  7- 9 | 10-12 || total
-------------------------+-------+-------+-------+-------++-------
Melee: War axe           |    70 |   114 |   448 |   169 ||   801
Throw: Boomerang         |       |       |    31 |    52 ||    83
Invok: Heroism           |       |       |       |     4 ||     4
  Use: Scroll            |     3 |     6 |    10 |     4 ||    23
       Potion            |       |     1 |     8 |       ||     9
Armor: Scale mail        |    45 |    25 |       |       ||    70
       Plate armour      |       |    74 |   359 |    90 ||   523
Dodge: Dodged            |    36 |    35 |   108 |    45 ||   224
Block: Buckler           |    17 |    24 |    84 |    39 ||   164

Table legend:
 A = Non-vault XP
 B = Vault XP
 C = Vault XP percentage of total XP
 D = Non-vault monster count
 E = Vault monster count
 F = Vault count percentage of total count
                 A         B        C        D         E       F
            +---------+---------+-------+---------+---------+-------
      Total |    7508 |    2513 |  25.1 |     142 |      66 |  31.7
            +---------+---------+-------+---------+---------+-------
        D:1 |      18 |       0 |   0.0 |      11 |       0 |   0.0
        D:2 |      61 |      79 |  56.4 |      17 |      16 |  48.5
        D:3 |      43 |       0 |   0.0 |      16 |       0 |   0.0
        D:4 |     233 |       0 |   0.0 |      12 |       0 |   0.0
        D:5 |     583 |     349 |  37.4 |      15 |       3 |  16.7
        D:6 |    1299 |     400 |  23.5 |      27 |       6 |  18.2
        D:7 |     708 |     326 |  31.5 |      17 |       5 |  22.7
        D:8 |    1653 |     147 |   8.2 |      16 |       1 |   5.9
        D:9 |    2910 |       0 |   0.0 |      11 |       0 |   0.0
    Ossuary |       0 |    1212 | 100.0 |       0 |      35 | 100.0
            +---------+---------+-------+---------+---------+-------
